Map: Lightshade LE

Players

slurpdaddy - Winner!

  • Race: Zerg Zerg
  • League: Diamond

dreambeing

  • Race: Protoss Protoss
  • League: Platinum

VOD

Have the link to the VOD?

Description

Time

  • Played on: Oct. 6, 2021, 7:28 p.m.
  • Length: 9:27
Show
View Real Time Build Order
Export as new Build Order

slurpdaddy Zerg - Winner!

Build Orders: Hatch First 

Get SALT Encoding   

  12  0:00  Drone  
  13  0:12  Overlord  
  14  0:21  Drone  
  14  0:32  Drone x2  
  14  0:35  Drone  
  17  0:52  Hatchery  
  16  1:06  Spawning Pool  
  16  1:10  Drone  
  16  1:13  Drone  
  16  1:16  Drone  
  18  1:20  Extractor  
  18  1:22  Drone  
  18  1:32  Drone  
  19  1:43  Overlord  
  19  1:54  Zergling x2  
  19  1:56  Queen  
  22  2:04  Queen  
  22  2:05  Drone x2  
  26  2:16  Drone  
  26  2:17  Drone  
  26  2:20  Metabolic Boost  
  28  2:26  Drone  
  28  2:27  Drone  
  30  2:37  Overlord  
  30  2:39  Queen, Drone  
  33  2:50  Drone x2  
  35  3:03  Hatchery  
  34  3:05  Drone  
  34  3:06  Drone  
  34  3:07  Drone  
  37  3:17  Overlord  
  37  3:18  Overlord  
  37  3:21  Drone x2  
  37  3:22  Drone  
  40  3:30  Drone x2  
  42  3:37  Queen  
  42  3:38  Drone x3  
  47  3:44  Roach Warren  
  47  3:47  Drone x2  
  48  3:58  Zergling x8  
  48  4:01  Drone  
  53  4:03  Extractor  
  53  4:04  Extractor, Lair  
  53  4:06  Drone  
  52  4:12  Drone x2  
  52  4:15  Overlord  
  54  4:30  Zergling x18  
  63  4:42  Roach x3  
  69  4:48  Roach x2  
  69  4:51  Overlord x2  
  71  5:10  Roach  
  71  5:11  Roach x7  
  81  5:21  Roach x4  
  84  5:35  Roach x3  
  88  5:45  Queen  
  88  5:50  Roach  
  88  5:53  Overlord  
  88  5:54  Overlord  
  90  5:58  Overlord  
  90  5:59  Glial Reconstitution  
  90  6:05  Overlord  
  90  6:24  Drone x2  
  90  6:25  Drone  
  93  6:26  Drone  
  94  6:35  Drone x5  
  94  6:38  Hydralisk Den, Drone  
  94  6:39  Extractor  
  96  6:48  Queen x3  
  96  6:49  Overlord  
  102  6:58  Evolution Chamber  
  102  6:59  Evolution Chamber  
  100  7:03  Drone x3  
  100  7:04  Drone x2  
  100  7:06  Roach  
  100  7:07  Roach x6  
  115  7:24  Roach  
  115  7:25  Roach x5  
  127  7:40  Grooved Spines  
  127  7:44  Drone x3  
  127  7:47  Overlord x3  
  124  8:07  Overlord  
  124  8:12  Drone x3  
  127  8:13  Hydralisk, Drone x2  
  127  8:14  Hydralisk x5  
  127  8:15  Hydralisk  
  127  8:16  Roach x2  
  127  8:17  Roach  
  149  8:42  Overlord  
  149  8:44  Overseer, Drone x2  
  149  8:46  Hydralisk  
  149  8:47  Hydralisk x4  
  160  8:51  Overlord x2  
  160  9:00  Spore Crawler  
  159  9:07  Overlord x2  
  159  9:13  Hatchery  
Show
View Real Time Build Order
Export as new Build Order

dreambeing Protoss 

Build Orders: 1 Gate Expand 

Get SALT Encoding   

  12  0:00  Probe  
  13  0:12  Probe  
  14  0:18  Pylon  
  14  0:24  Probe (Chrono Boost)  
  15  0:36  Probe (Chrono Boost)  
  15  0:40  Gateway  
  16  0:45  Probe (Chrono Boost)  
  16  0:47  Assimilator  
  17  0:51  Probe  
  18  1:03  Probe  
  19  1:15  Probe  
  20  1:27  Nexus  
  20  1:31  Probe  
  21  1:43  Cybernetics Core  
  21  1:44  Probe  
  22  1:51  Assimilator  
  22  1:57  Probe  
  22  2:00  Pylon  
  23  2:18  Stalker (Chrono Boost), Probe  
  23  2:19  Warp Gate  
  26  2:26  Twilight Council  
  26  2:30  Probe  
  27  2:38  Forge  
  27  2:40  Probe  
  28  2:50  Probe  
  28  2:53  Probe  
  28  2:57  Charge (Chrono Boost)  
  29  3:01  Robotics Facility  
  29  3:04  Probe  
  29  3:05  Probe  
  31  3:13  Protoss Ground Weapons Level 1 (Chrono Boost)  
  31  3:21  Probe x2  
  33  3:28  Gateway  
  33  3:31  Gateway  
  33  3:38  Probe x2  
  35  3:44  Gateway  
  35  3:45  Gateway  
  35  3:54  Pylon  
  35  3:58  Warp Prism (Chrono Boost)  
  37  4:08  Zealot  
  39  4:13  Gateway  
  39  4:14  Gateway  
  39  4:24  Pylon  
  39  4:27  Zealot x2  
  43  4:35  Zealot  
  45  4:41  Pylon  
  45  4:51  Zealot x4  
  53  4:58  Pylon  
  53  5:08  Zealot x3  
  51  5:16  Zealot x4  
  57  5:25  Probe x2  
  57  5:33  Zealot x3  
  57  5:36  Zealot x2  
  57  5:37  Zealot x2  
  51  5:58  Stalker  
  51  5:59  Stalker x4  
  61  6:07  Probe  
  61  6:08  Probe  
  63  6:23  Blink (Chrono Boost)  
  63  6:29  Assimilator  
  63  6:31  Assimilator  
  63  6:35  Stalker  
  63  6:36  Zealot x2  
  69  6:52  Pylon x2  
  69  7:14  Stalker  
  69  7:15  Stalker x5  
  75  7:16  Zealot  
  71  7:31  Probe x2  
  71  7:40  Stalker x3, Pylon  
  71  7:41  Stalker x2  
  71  7:43  Probe x2  
  71  7:44  Stalker  
  83  7:55  Immortal (Chrono Boost)  
  79  8:02  Probe x2  
  81  8:11  Stalker  
  83  8:15  Probe  
  84  8:25  Stalker x2  
  84  8:26  Stalker  
  86  8:27  Immortal  
  82  8:40  Probe x2  
  84  8:48  Stalker x4  
  92  8:59  Pylon  
  94  9:19  Stalker x3  
Tags
 
Add a new tag
Caveats
  • Supply blocks, unpowered buildings, or Contaminate may cause inaccurate times.
  • Supply counts are checked every 10 seconds.